Map: 2000 Atmospheres LE

Players

Stephano

  • Race: Zerg Zerg

SortOf - Winner!

  • Race: Zerg Zerg

Event: DreamHack SC2 Masters 2021 Winter

VOD

Have the link to the VOD?

Description

Time

  • Played on: Oct. 7, 2021, 2:09 p.m.
  • Length: 11:24

All games in this series

Show
View Real Time Build Order
Export as new Build Order

Stephano Zerg 

Build Orders: Hatch First, Zergling Baneling 

Get SALT Encoding   

  12  0:00  Drone  
  13  0:12  Overlord  
  13  0:16  Drone  
  14  0:30  Drone x2  
  16  0:47  Hatchery  
  15  0:50  Drone  
  15  0:53  Drone  
  17  0:57  Drone  
  18  1:07  Extractor  
  17  1:12  Spawning Pool  
  17  1:15  Drone  
  17  1:18  Drone  
  18  1:27  Drone  
  19  1:38  Drone  
  20  1:49  Drone  
  21  1:59  Queen x2  
  21  2:00  Drone x2  
  27  2:10  Overlord  
  27  2:11  Metabolic Boost  
  27  2:17  Zergling x2  
  28  2:25  Hatchery  
  28  2:29  Drone  
  28  2:30  Drone  
  28  2:32  Drone  
  30  2:39  Queen  
  32  2:44  Overlord  
  32  2:51  Zergling x2  
  33  2:56  Baneling Nest  
  33  2:58  Drone x2  
  34  3:02  Drone  
  35  3:07  Zergling x4  
  35  3:09  Drone  
  35  3:12  Drone  
  39  3:16  Overlord  
  39  3:18  Zergling x2  
  39  3:19  Zergling x2  
  41  3:20  Drone  
  43  3:27  Overlord, Drone  
  43  3:35  Drone  
  43  3:39  Drone x2  
  46  3:42  Drone x2  
  46  3:43  Baneling x2  
  46  3:44  Drone x2  
  50  3:48  Drone  
  50  3:51  Evolution Chamber  
  50  3:57  Zergling x4  
  50  4:00  Extractor  
  50  4:01  Extractor, Zergling x4  
  47  4:06  Zergling x2  
  49  4:10  Zergling x4  
  49  4:15  Zergling x12  
  56  4:17  Baneling x2  
  56  4:23  Zergling x10  
  52  4:31  Queen x2  
  52  4:34  Drone x2  
  55  4:44  Drone x7  
  62  4:48  Zerg Missile Weapons Level 1  
  62  4:54  Baneling  
  62  4:55  Baneling x3  
  62  5:04  Zergling x6  
  62  5:07  Roach Warren, Drone  
  61  5:15  Overlord  
  61  5:19  Lair  
  60  5:21  Overlord  
  56  5:29  Zergling x8  
  59  5:35  Overlord  
  59  5:36  Zergling x8  
  59  5:41  Baneling x4, Spine Crawler  
  59  5:42  Spine Crawler  
  61  5:49  Roach x3  
  67  5:59  Drone x2  
  67  6:01  Drone x4  
  67  6:03  Drone x3  
  78  6:13  Roach  
  78  6:14  Roach x2  
  78  6:17  Drone x3  
  87  6:21  Glial Reconstitution  
  87  6:25  Drone x2  
  89  6:26  Extractor, Overlord x2  
  89  6:27  Extractor, Evolution Chamber, Overseer  
  86  6:38  Drone x3  
  89  6:40  Overlord  
  89  6:43  Zerg Missile Weapons Level 2  
  89  6:53  Roach x8  
  105  6:58  Extractor  
  105  6:59  Overlord  
  104  7:03  Zerg Ground Armor Level 1  
  104  7:15  Roach x5  
  114  7:17  Overlord  
  114  7:18  Hatchery  
  114  7:19  Roach x2  
  117  7:26  Roach x2  
  117  7:27  Overlord  
  121  7:35  Overlord  
  121  7:42  Roach x4  
  129  7:55  Roach x8  
  145  7:59  Overlord  
  145  8:00  Overlord  
  145  8:06  Overlord  
  145  8:07  Overlord  
  145  8:08  Pneumatized Carapace  
  145  8:11  Ravager x3  
  146  8:19  Roach x5  
  156  8:23  Roach x2  
  160  8:32  Ravager  
  160  8:33  Roach x4, Ravager  
  160  8:34  Roach  
  166  8:43  Roach  
  166  8:44  Roach x3  
  165  8:55  Roach x4  
  157  9:02  Roach x3  
  153  9:10  Roach x2  
  157  9:20  Ravager x6  
  157  9:24  Roach x3  
  169  9:25  Ravager  
  169  9:26  Ravager  
  169  9:31  Roach  
  161  9:51  Roach x7  
  161  10:00  Roach x3  
  161  10:04  Roach  
  129  10:18  Roach x4  
  103  10:36  Roach x4  
  92  10:46  Roach  
  74  10:54  Roach x2  
  56  10:59  Roach  
  58  11:05  Roach  
Show
View Real Time Build Order
Export as new Build Order

SortOf Zerg - Winner!

Build Orders: Hatch First 

Get SALT Encoding   

  12  0:00  Drone  
  13  0:13  Overlord  
  13  0:18  Drone  
  14  0:31  Drone x2  
  16  0:49  Hatchery  
  15  0:52  Drone  
  15  0:55  Drone  
  17  0:58  Drone  
  18  1:11  Extractor  
  17  1:13  Spawning Pool  
  17  1:17  Drone  
  17  1:20  Drone  
  18  1:28  Drone  
  19  1:40  Drone  
  20  1:54  Drone  
  21  2:00  Queen x2  
  25  2:01  Overlord  
  25  2:02  Zergling x2  
  26  2:11  Metabolic Boost, Drone  
  26  2:12  Drone  
  28  2:22  Drone  
  29  2:24  Drone  
  30  2:34  Hatchery  
  30  2:37  Zergling x2  
  30  2:40  Drone  
  31  2:49  Baneling Nest  
  31  2:50  Drone  
  31  2:55  Overlord  
  31  2:56  Drone x2  
  33  3:05  Zergling x4  
  35  3:13  Overlord, Drone  
  35  3:19  Drone  
  37  3:20  Drone  
  37  3:23  Drone x4  
  42  3:29  Queen  
  44  3:34  Zergling x4  
  44  3:36  Baneling x2  
  46  3:42  Evolution Chamber, Zergling x4  
  46  3:45  Baneling  
  46  3:46  Zergling x2  
  48  3:48  Baneling  
  48  3:51  Zergling x6  
  51  3:58  Drone  
  51  4:00  Drone  
  52  4:03  Drone x2  
  53  4:10  Drone x3  
  53  4:15  Overlord  
  53  4:16  Zerg Missile Weapons Level 1  
  56  4:18  Roach Warren  
  56  4:20  Drone  
  53  4:30  Drone x3  
  53  4:31  Zergling x2  
  53  4:36  Overlord, Zergling x4  
  54  4:42  Zergling x2  
  54  4:43  Extractor, Zergling x4, Overlord  
  54  4:44  Extractor  
  54  4:45  Zergling x8  
  58  4:55  Baneling  
  58  4:58  Roach  
  59  5:00  Drone x2  
  59  5:05  Baneling  
  59  5:06  Baneling, Drone x2  
  58  5:07  Zergling x6  
  58  5:10  Zergling x2  
  58  5:12  Drone  
  58  5:13  Drone  
  60  5:14  Drone x2  
  60  5:19  Baneling x2  
  60  5:20  Drone  
  62  5:24  Drone x2  
  60  5:28  Lair  
  60  5:33  Hatchery  
  58  5:38  Queen  
  58  5:42  Extractor  
  59  5:43  Overlord  
  59  5:47  Overlord  
  59  5:49  Drone x4  
  63  5:54  Evolution Chamber  
  62  5:57  Drone  
  62  5:58  Drone  
  64  6:09  Roach x2  
  68  6:13  Drone x3  
  80  6:18  Roach x5  
  80  6:20  Zerg Ground Armor Level 1  
  80  6:28  Roach  
  80  6:29  Overseer  
  80  6:30  Glial Reconstitution  
  82  6:35  Overlord  
  82  6:39  Drone  
  83  6:40  Zerg Missile Weapons Level 2  
  83  6:41  Overlord  
  84  6:47  Drone x6  
  84  6:53  Overlord  
  89  6:55  Drone x2  
  89  6:57  Extractor  
  89  6:58  Drone  
  91  7:04  Roach x2  
  91  7:07  Roach  
  97  7:10  Roach x3  
  103  7:17  Roach x5  
  113  7:24  Overlord  
  113  7:28  Roach x3  
  119  7:35  Overlord  
  119  7:36  Roach  
  119  7:37  Overlord x2, Hatchery  
  120  7:41  Overlord  
  120  7:42  Overlord  
  120  7:46  Overlord  
  120  7:47  Ravager x4  
  120  7:49  Roach  
  120  7:51  Roach  
  128  7:57  Roach x4  
  135  8:01  Extractor  
  142  8:05  Roach x4  
  142  8:12  Roach x4  
  150  8:15  Overseer  
  154  8:20  Roach x4  
  154  8:22  Baneling  
  154  8:23  Baneling x3  
  154  8:27  Overlord  
  158  8:29  Overlord  
  158  8:31  Roach x3  
  162  8:38  Roach x4  
  162  8:39  Overseer  
  169  8:43  Roach x2  
  169  8:47  Roach x2  
  168  8:50  Roach x2  
  168  8:57  Roach x4  
  166  9:03  Roach x3  
  166  9:06  Roach x2  
  166  9:12  Roach x3  
  166  9:15  Roach  
  174  9:20  Overseer  
  174  9:22  Roach x4  
  182  9:28  Roach x3  
  188  9:32  Ravager  
  187  9:42  Roach x6  
  188  9:50  Roach x2  
  188  9:52  Roach  
  176  9:56  Roach  
  169  10:03  Roach x3  
  165  10:07  Roach x2  
  151  10:15  Roach  
  151  10:20  Roach, Queen x2  
  145  10:22  Roach x2  
  145  10:26  Roach Warren  
  81  11:08  Hatchery  

Tags
 
Add a new tag
Caveats
  • Supply blocks, unpowered buildings, or Contaminate may cause inaccurate times.
  • Supply counts are checked every 10 seconds.